 Dungeon Crawl Stone Soup version 0.31-a0-542-gdc2a67831c (webtiles) character file.

Game seed: 9870234521337772285

1800429 Ge0ff the Placeless Frog (level 27, 196/196 (206) HPs)
             Began as a Barachi Brigand on Aug 14, 2023.
             Was an Initiate of Gozag.
             Escaped with the Orb
             ... and 4 runes on Aug 15, 2023!
             The game lasted 04:07:53 (109734 turns).

Ge0ff the Placeless Frog (Barachi Brigand)        Turns: 109734, Time: 04:07:54

HP:   196/196 (206) AC: 23    Str: 20    XL:     27
MP:   37/37         EV: 23    Int: 11    God:    Gozag
Gold: 7213          SH: 21    Dex: 29    Spells: 35/55 levels left

rFire   + . .        a - +8 autumn katana {manifold assault}
rCold   + . .        e - +5 kite shield {rC+}
rNeg    + . .        G - +3 scale mail {rN+}
rPois   .            Q - +2 hood of the Assassin {Detect Stab+ Stlth++}
rElec   +            c - +2 cloak {Will+}
rCorr   .            x - +2 pair of gloves {hurl}
SInv    +            i - +2 pair of boots {rampage}
Will    +++..        f - amulet of regeneration
Stlth   ++           b - ring of Vaqieth {Fly rElec rF+ SInv, =R}
HPRegen 1.32/turn    P - ring "Xaklisik" {Dex+6 Stlth+}
MPRegen 0.25/turn

%: clarity, rampage
@: flying, studying 2 skills, lightly drained, slow
A: amphibious, slowness 1, strong legs 2, +LOS, clarity, deformed body, low MP
1, strong 1, subdued magic 2
0: Orb of Zot
}: 4/15 runes: decaying, silver, abyssal, gossamer
a: Hop, Renounce Religion, Potion Petition, Call Merchant, Bribe Branch


You escaped.
You worshipped Gozag.
Gozag was greatly pleased with you.
You visited 11 branches of the dungeon, and saw 51 of its levels.
You visited the Abyss 3 times.
You also visited: Trove, Ossuary, Bailey, Wizlab and Desolation.

You collected 32879 gold pieces.
You spent 12530 gold pieces at shops.
You paid 13136 gold pieces to Gozag.

Inventory:

Hand Weapons
 a - the +8 autumn katana (weapon) {manifold assault}
   (You bought it in a shop on level 1 of the Elven Halls)
 w - a +9 heavy dagger
Missiles
 g - 3 throwing nets {=F}
 r - 17 javelins (quivered)
 v - 18 curare-tipped darts {=F}
 L - 6 silver javelins
Armour
 c - a +2 cloak of willpower (worn)
 e - a +5 kite shield of cold resistance (worn)
 i - a +2 pair of boots of rampaging (worn)
 m - the +4 dragonskin cloak
   (You took it off Tiamat on level 5 of the Realm of Zot)

   Avatar's Aegis: It grants the wearer a chance to resist fire, cold, poison,
   electricity, acid, and negative energy.
 x - a +2 pair of gloves of hurling (worn)
 G - a +3 scale mail of positive energy (worn)
 Q - the +2 hood of the Assassin (worn) {Detect Stab+ Stlth++}
   (You bought it in a shop on level 2 of the Orcish Mines)

   Detect:    It allows the wearer to sense nearby creatures.
   Stab+:     It allows the wearer to make particularly effective stabbing
   attacks against helpless or unaware enemies with any weapon.
   Stlth++:   It makes you much more stealthy.
Jewellery
 b - the ring of Vaqieth (left hand) {Fly rElec rF+ SInv, =R}
   (You found it on level 6 of the Dungeon)

   [ring of flight]

   rF+:       It protects you from fire.
   rElec:     It insulates you from electricity.
   SInv:      It lets you see invisible.
   Fly:       It grants you flight.
 f - an amulet of regeneration (around neck)
 h - a ring of willpower
 A - the ring of Luntem {+Blink rPois rCorr Dex-3 SInv}
   (You found it on level 3 of the Elven Halls)

   [ring of resist corrosion]

   Dex-3:     It affects your dexterity (-3).
   rPois:     It protects you from poison SInv: It lets you see invisible.
   +Blink:    It lets you blink.
   rCorr:     It protects you from acid and corrosion.
 D - an amulet of guardian spirit
 P - the ring "Xaklisik" (right hand) {Dex+6 Stlth+}
   (You took it off an ironbound convoker on level 5 of the Vaults)

   [ring of dexterity]

   Dex+6:     It affects your dexterity (+6).
   Stlth+:    It makes you more stealthy.
 Y - the ring of Xypsapeh {rC+ AC+4}
   (You took it off a vault sentinel on level 5 of the Vaults)

   [ring of protection]

   AC+4:      It affects your AC (+4).
   rC+:       It protects you from cold.
Wands
 d - a wand of digging (13)
 j - a wand of acid (24)
 k - a wand of iceblast (12)
 p - a wand of paralysis (51)
 s - a wand of mindburst (20)
Scrolls
 y - 4 scrolls of immolation
 B - 5 scrolls of blinking
 C - 3 scrolls of poison
 E - 4 scrolls of fear
 F - 17 scrolls of fog
 J - a scroll of silence {!r}
 S - a scroll of butterflies
 T - 5 scrolls of teleportation
 V - 13 scrolls of vulnerability
Potions
 o - 6 potions of ambrosia
 q - 12 potions of curing
 u - 2 potions of mutation {!q}
 z - 5 potions of brilliance
 H - a potion of haste {!q}
 I - 3 potions of invisibility
 K - a potion of magic {!q}
 M - 7 potions of might
 N - 4 potions of cancellation {!q}
 R - 5 potions of resistance
 W - 15 potions of heal wounds {!q}
 X - 7 potions of enlightenment
 Z - 2 potions of berserk rage {!q}
Miscellaneous
 l - a lightning rod (4/4)
 n - a phial of floods
 t - a tin of tremorstones (2/2)
 O - a sack of spiders
 U - a phantom mirror


   Skills:
 - Level 14.9 Fighting
 - Level 14.9(17.0) Short Blades
 - Level 14.9(17.8) Long Blades
 - Level 14.9 Maces & Flails
 - Level 10.0 Ranged Weapons
 - Level 14.9 Throwing
 - Level 14.9 Armour
 - Level 14.9 Dodging
 + Level 7.9 Stealth
 - Level 14.9 Shields
 - Level 14.9 Spellcasting
 + Level 14.5 Conjurations
 - Level 14.9 Necromancy
 - Level 14.9 Translocations
 + Level 8.7 Transmutations
 - Level 6.0 Air Magic
 + Level 8.1 Earth Magic
 - Level 14.9 Evocations


You had 35 spell levels left.
You knew the following spells:

 Your Spells              Type           Power      Damage    Failure   Level
d - Iskenderun's Mystic   Conj/Tloc      25%        2d7       1%          4
g - Apportation           Tloc           50%        N/A       0%          1
n - Dispel Undead         Necr           25%        3d12      1%          4
w - Passwall              Tmut/Erth      13%        N/A       1%          2
B - Blink                 Tloc           50%        N/A       1%          2
C - Vhi's Electric Charg  Tloc/Air       38%        N/A       1%          3
E - Manifold Assault      Tloc           25%        N/A       1%          4

Your spell library contained the following spells:

 Spells                   Type           Power      Damage    Failure   Level
 Kiss of Death            Conj/Necr      100%       2d13      0%          1
 Necrotise                Necr           100%       1d9       0%          1
 Foxfire                  Conj/Fire      60%        2x1d7     1%          1
 Shock                    Conj/Air       76%        1d7       1%          1
 Cigotuvi's Dreadful Rot  Necr/Pois/Air  28%        N/A       1%          2
 Sublimation of Blood     Necr           25%        N/A       1%          2
 Wereblood                Tmut           17%        N/A       1%          2
 Portal Projectile        Hex/Tloc       30%        N/A       1%          3
 Vampiric Draining        Necr           25%        2d7       1%          3
 Agony                    Necr           25%        N/A       1%          5
 Iskenderun's Battlesphe  Conj           25%        2d8       1%          5
 Sting                    Tmut/Pois      44%        1d5       2%          1
 Swiftness                Air            13%        N/A       3%          3
 Death Channel            Necr           12%        N/A       5%          6
 Poisonous Vapours        Pois/Air       18%        N/A       7%          2
 Arcjolt                  Conj/Air       9%         1d19      7%          5
 Anguish                  Hex/Necr       7%         N/A       8%          4
 Flame Wave               Conj/Fire      15%        2d7       9%          4
 Fulminant Prism          Conj/Hex       7%         3d7       9%          4
 Sticky Flame             Conj/Fire      15%        2d4       9%          4
 Ignite Poison            Fire/Tmut/Pois 9%         N/A       17%         3
 Summon Small Mammal      Summ           20%        N/A       19%         1
 Lee's Rapid Deconstruct  Erth           8%         3d7*      19%         5
 Summon Forest            Summ/Tloc      7%         N/A       24%         5
 Call Imp                 Summ           10%        N/A       28%         2
 Scorch                   Fire           10%        2d5       28%         2
 Leda's Unmaking          Conj/Erth      10%        9d2       28%         6
 Animate Armour           Summ/Erth      20%        N/A       34%         4
 Leda's Liquefaction      Hex/Erth       5%         N/A       34%         4
 Conjure Ball Lightning   Conj/Air       9%         3x3d6     41%         6
 Summon Lightning Spire   Summ/Air       9%         N/A       50%         4
 Call Canine Familiar     Summ           5%         N/A       52%         3
 Ozocubu's Armour         Ice            5%         N/A       52%         3
 Summon Guardian Golem    Hex/Summ       5%         N/A       52%         3
 Tukima's Dance           Hex            5%         N/A       52%         3
 Yara's Violent Unravell  Hex/Tmut       5%         3d4       67%         5
 Starburst                Conj/Fire      7%         6d4       85%         6
 Cause Fear               Hex            2%         N/A       91%         4
 Olgreb's Toxic Radiance  Pois           5%         N/A       91%         4
 Summon Ice Beast         Ice/Summ       5%         N/A       91%         4
 Borgnjor's Revivificati  Necr           12%        N/A       97%         8
 Disjunction              Tloc           12%        N/A       97%         8
 Infestation              Necr           12%        N/A       97%         8
 Summon Mana Viper        Hex/Summ       5%         N/A       99%         5
 Eringya's Noxious Bog    Tmut/Pois      5%         4d6       99%         6
 Plasma Beam              Fire/Air       4%         2x1d14    100%        6
 Summon Cactus Giant      Summ           2%         N/A       100%        6
 Enfeeble                 Hex            2%         N/A       100%        7
 Monstrous Menagerie      Summ           2%         N/A       100%        7
 Ozocubu's Refrigeration  Ice            2%         4d8       100%        7
 Spellforged Servitor     Conj/Summ      7%         N/A       100%        7
 Summon Hydra             Summ           2%         N/A       100%        7
 Discord                  Hex            2%         N/A       100%        8
 Ignition                 Fire           2%         3d3       100%        8
 Maxwell's Capacitive Co  Air            6%         ∞         100%        8
 Chain Lightning          Conj/Air       9%         3d12      100%        9
 Death's Door             Necr           12%        N/A       100%        9
 Fire Storm               Conj/Fire      7%         8d2       100%        9
 Polar Vortex             Ice            2%         N/A       100%        9
 Shatter                  Erth           8%         3d10*     100%        9
 Simulacrum               Ice/Necr       Unusable   N/A       N/A         6

Dungeon Overview and Level Annotations

Branches:
Dungeon (15/15)            Temple (1/1) D:6            Lair (5/5) D:8
  Swamp (4/4) Lair:2       Spider (4/4) Lair:2        Slime (0/5) Lair:5
    Orc (2/2) D:10            Elf (3/3) Orc:2        Vaults (5/5) D:13
  Crypt (3/3) Vaults:2       Tomb (0/3) Crypt:3      Depths (4/4) D:15
    Zot (5/5) Depths:4    Ossuary (visited)          Bailey (visited)
 WizLab (visited)         Desolation (visited)

Altars:
Ashenzari
Cheibriados
Dithmenos
Elyvilon
Fedhas
Gozag
Hepliaklqana
Kikubaaqudgha
Makhleb
Nemelex Xobeh
Okawaru
Qazlal
Ru
Sif Muna
Trog
Uskayaw
Vehumet
Wu Jian
Xom
Yredelemnul
Zin
The Shining One
Jiyva
Lugonu

Shops:
D:4 =   D:10 **(   Orc:1 :(!((   Orc:2 (*([*[   Elf:1 ([[   Elf:3 :
Vaults:3 ?   Vaults:5 =   Zot:5 *   Depths:1 *

Portals:
Hell: Depths:1 Depths:2 Depths:3 Depths:4
Abyss: D:7 Depths:3
Pandemonium: Depths:2
Ziggurat: Depths:1

Annotations:
Zot:4 1 transporter


Innate Abilities, Weirdness & Mutations

You are amphibious.
You cover ground slowly.
You can hop long distances.
You have an extended range of vision and can be seen from far away.
You possess an exceptional clarity of mind.
Armour fits poorly on your strangely shaped body.
Your magical capacity is low. (-10% MP)
Your muscles are strong. (Str +4, Int/Dex -1)
Your spells are easier to cast, but less powerful.


Message History

Aiming: Passwall (safe; 1% risk of failure)
Press: ? - help, Dir - move target A rock wall.
This square is covered in magical glow.
You begin to meditate on the wall.
You continue meditating on the rock.
The Tzitzimitl gestures at you. The bolt of negative energy hits you!!
You partially resist.
HP restored.
You feel drained.
You continue meditating on the rock.
You finish merging with the rock.
Casting: Passwall (safe; 1% risk of failure)
Confirm with . or Enter, or press ? or * to list all spells.
Aiming: Passwall (safe; 1% risk of failure)
Press: ? - help, Dir - move target A rock wall.
This square is covered in magical glow.
You begin to meditate on the wall.
You continue meditating on the rock. x2
You finish merging with the rock.
You see here a +0 club.
There is a stone staircase leading up here.
There is a stone staircase leading up here.
You fly upwards.
There is a stone staircase leading down here.
Things that are here:
a +0 ring mail; a +0 short sword
Things that are here:
a +0 robe; a +0 dagger
There is a stone staircase leading up here.
You fly upwards.
There is a stone staircase leading down here.
There is a stone staircase leading up here.
You fly upwards.
There is a stone staircase leading down here.
A Hell Sentinel comes into view.
Things that are here:
a +0 ring mail; a +0 hand axe
There is a stone staircase leading up here.
You fly upwards.
There is a stone staircase leading down here.
There is a stone staircase leading up here.
There is a stone staircase leading up here.
You fly upwards.
Level annotation: 14.9 transl, Placeless
There is a stone staircase leading down here.
There is a staircase leading out of the dungeon here.
Annotate which branch? (. - D:1, ? - help, ! - show branch list) Current level annotation: 14.9 transl, Placeless New annotation for D:1 (include '!' for warning): Cleared annotation.
You have escaped!

.##.###.#########..######.#####
.##.# #.# #..## #.####### .##.#
#.#########...# #........
.##.###.##..........# #########
.#...##.##..~~~~~~~.#
...#....##..~.....~.####
##...#####..~.....~....# ###.##
#....~..~~.~.~~.# ....#
#.##.~..~@.~..~.# #####
#.##.~..~..~..~.#
#.##.~~.~.~~..~.#
#.##....~.....~.#
#.###...~.....~.# #.#
#.#.~~~~~~~.# ########.#
#.#.........#
..>....#.###.###.#..##.#
###.#....#.......#.###.#


There were no monsters in sight!

Vanquished Creatures
  4 dread liches
  Tiamat (Zot:5)
  2 orbs of fire (Zot:5)
  2 ancient liches
  Mara (Vaults:5)
  Sojobo (Vaults:5)
  Margery (Vaults:3)
  Boris (Vaults:5)
  6 Killer Klowns (Zot:5)
  Frederick (Vaults:5)
  Xtahua (Vaults:2)
  3 caustic shrikes (Depths:3)
  Nikola (Vaults:2)
  2 curse toes
  8 golden dragons
  3 bone dragons
  A profane servitor (Crypt:3)
  Arachne (Spider:3)
  2 doom hounds
  A Tzitzimitl (D:15)
  3 electric golems
  7 tentacled monstrosities
  Zenata (Vaults:1)
  3 liches
  An Ice Fiend (Depths:1)
  27 Orb Guardians
  Grunn (Crypt:3)
  Jorgrun (Orc:1)
  Asterion (Depths:1)
  3 titans
  5 deep elf master archers (Elf:3)
  4 deep elf blademasters
  3 sphinxes
  Gastronok (Lair:3)
  A kraken (Abyss:3)
  4 death cobs
  2 quicksilver dragons
  2 tentacled starspawn (Abyss:3)
  8 ancient champions
  3 thorn hunters (Swamp:4)
  11 tengu reavers
  Kirke (D:13)
  3 draconian monks
  2 revenants
  8 shadow dragons
  9 storm dragons
  The ghost of Lureetou the Warrior, a journeyman MiBe of Trog (Spider:4)
  3 draconian knights
  A fenstrider witch (Depths:2)
  6 fire giants
  26 vault wardens
  9 emperor scorpions
  6 frost giants
  3 deep elf elementalists
  6 draconian scorchers
  6 ghost moths
  Louise (Spider:4)
  5 deep elf sorcerers
  A hydra zombie (Swamp:4)
  4 draconian shifters
  3 draconian stormcallers
  A curse skull (Crypt:3)
  2 orc warlords
  3 draconian annihilators
  A spriggan defender (Depths:2)
  11 ironbound preservers
  6 formless jellyfish
  10 ghouls
  A broodmother (Spider:4)
  A reaper (Crypt:2)
  16 stone giants
  29 very ugly things
  15 vampire knights
  2 war gargoyles
  12 ironbound thunderhulks
  3 green draconians
  7 yellow draconians
  7 deep elf demonologists
  4 halazid warlocks (Desolation)
  8 eleionomae
  5 deep elf annihilators
  7 black draconians
  6 white draconians
  8 spark wasps
  19 dire elephants
  3 bunyips (Swamp:4)
  A putrid mouth (Crypt:2)
  9 purple draconians
  5 red draconians
  13 ettins
  8 deep elf death magi
  2 blizzard demons (Depths:2)
  4 crystal guardians
  Snorg (Lair:5)
  24 jiangshi
  9 fire dragons
  6 ragged hierophants (Desolation)
  5 deep elf high priests
  Josephine (Spider:1)
  10 yaktaur captains
  5 entropy weavers
  4 eidola
  5 great orbs of eyes
  11 servants of whispers (Desolation)
  Harold (Lair:2)
  2 jorogumos
  2 spriggan air magi
  A rakshasa (Depths:3)
  3 ogre magi
  14 ice dragons
  A catoblepas (D:9)
  33 vault guards
  4 shambling mangroves
  8 boulder beetles
  Erolcha (Orc:1)
  7 peacekeepers
  A catoblepas (shapeshifter) (Vaults:5)
  3 centaur warriors
  A ghost crab (Swamp:2)
  5 radroaches
  16 hydras
  5 ironbound frosthearts
  A fenstrider witch skeleton (Crypt:2)
  34 dancing weapons
  6 alligators
  7 death knights
  7 two-headed ogres
  3 hell hogs (Depths:1)
  An alligator (shapeshifter) (Depths:1)
  8 death yaks
  3 tengu warriors
  A sphinx skeleton (Depths:1)
  16 deep troll earth magi
  2 thrashing horrors (Abyss:3)
  16 deep troll shamans
  5 vampire magi
  A shock serpent (shapeshifter) (Vaults:5)
  4 demonic crawlers
  A fire crab (Abyss:3)
  4 spriggan berserkers
  7 hell knights
  6 orc high priests
  44 skeletal warriors
  3 wretched stars (Abyss:3)
  2 shadow wraiths
  6 pharaoh ants
  25 deep elf knights
  4 skysharks
  2 titan skeletons (Depths:1)
  A spark wasp zombie (Crypt:2)
  16 iron trolls
  3 sun moths
  3 soul eaters
  10 swamp dragons (Swamp:4)
  A sixfirhy (Depths:2)
  4 death drakes
  28 deep trolls
  12 orb spiders
  3 bog bodies
  5 goliath frogs (Swamp:2)
  7 flayed ghosts
  5 spriggan druids
  A glowing orange brain (Abyss:3)
  10 wizards
  3 lindwurms (shapeshifter) (Vaults:5)
  3 spectral hydras (Swamp:4)
  6 steelbarb worms
  An orb spider (shapeshifter) (Vaults:5)
  13 deep elf archers
  22 orc knights
  7 lindwurms
  18 phantasmal warriors
  Pikel (D:8)
  7 harpies (Vaults:1)
  28 deep elf pyromancers
  8 necromancers
  17 ironbound convokers
  31 ugly things
  34 deep elf zephyrmancers
  10 orc sorcerers
  A frost giant zombie (Depths:1)
  3 oklob plants (Swamp:4)
  16 wolf spiders
  A cyclops (shapeshifter) (Depths:2)
  4 manticores
  A shining eye (Abyss:3)
  4 will-o-the-wisps
  6 cyclopes
  A frost giant skeleton (Depths:1)
  A worldbinder (Abyss:3)
  6 moths of wrath
  2 stone giant skeletons (Depths:1)
  A centaur zombie (D:15)
  Maurice (D:8)
  16 vault sentinels
  A naga mage (D:15)
  5 elephants (Lair:5)
  4 black mambas
  3 molten gargoyles (Lair:5)
  2 gargoyles
  An eye of devastation (shapeshifter) (Vaults:2)
  An orange demon (Depths:2)
  2 torpor snails
  2 tormentors
  A guardian serpent (Desolation)
  4 centaur skeletons
  An efreet (D:9)
  An alligator snapping turtle zombie (Crypt:2)
  38 yaktaurs
  3 rime drakes
  An unseen horror (D:13)
  A dire elephant skeleton (Crypt:2)
  11 cane toads
  A hellion (Depths:4)
  9 freezing wraiths
  4 kobold demonologists
  A komodo dragon (shapeshifter) (Elf:2)
  14 komodo dragons
  5 tengu conjurers
  A green draconian skeleton (Crypt:2)
  4 ancient zymes (Abyss:3)
  2 guardian mummies (Elf:2)
  6 polar bears
  26 hornets
  9 trolls
  4 tyrant leeches
  2 death drake zombies (Swamp:4)
  45 saltlings (Desolation)
  2 bloated husks (Swamp:1)
  29 tarantellas
  3 raiju (Abyss:4)
  2 spriggan zombies (Depths:1)
  29 blink frogs
  25 slime creatures
  12 dream sheep
  4 air elementals
  A frost giant simulacrum (Depths:1)
  46 flying skulls
  20 jumping spiders
  A naga simulacrum (Crypt:3)
  6 vampires
  11 spriggans
  7 wyverns
  5 shadows
  14 water elementals
  26 culicivoras
  A human (shapeshifter) (D:14)
  8 basilisks
  12 wraiths
  3 fire bats (Abyss:3)
  35 yaks
  4 starcursed masses (Abyss:3)
  A tyrant leech zombie (Crypt:1)
  4 fire elementals (Elf:1)
  4 hogs (D:13)
  A neqoxec (Abyss:4)
  A redback (shapeshifter) (Vaults:4)
  69 redbacks
  3 steam dragons
  15 vampire mosquitoes
  7 two-headed ogre zombies (WizLab)
  4 chaos spawn
  17 swamp worms
  A swamp worm (shapeshifter) (Vaults:5)
  3 hydra simulacra (Swamp:4)
  7 large abominations
  3 acid dragons
  2 wargs (Orc:2)
  17 water moccasins
  5 hell hounds (Lair:5)
  A cane toad zombie (Crypt:2)
  A water nymph skeleton (Crypt:1)
  Duvessa (D:4)
  A floating eye (Depths:2)
  8 small abominations
  4 swamp drakes
  An ice beast (D:5)
  40 orc warriors
  5 black bears
  12 ogres
  An elephant zombie (Crypt:2)
  6 swamp dragon zombies (Swamp:4)
  12 centaurs
  5 wolves (Lair:3)
  A swamp dragon skeleton (Swamp:4)
  A lemure (D:8)
  8 kobold brigands
  A phantom (D:6)
  16 bullfrogs
  An elf zombie (D:4)
  7 necrophages
  5 earth elementals
  2 elf skeletons (D:4)
  A water moccasin zombie (Ossuary)
  4 gnoll sergeants
  3 scorpions
  5 wights (WizLab)
  Dowan (D:4)
  9 troll zombies
  6 killer bees (D:10)
  A raiju skeleton (Crypt:2)
  4 vampire bats (Lair:3)
  10 howler monkeys
  5 lava snakes (Lair:5)
  25 orc priests
  A sleepcap (D:8)
  5 hounds
  2 jellies
  3 human skeletons (D:4)
  4 iguanas
  25 orc wizards
  2 boggart skeletons
  A boggart zombie (Crypt:2)
  A sky beast zombie (Crypt:1)
  12 ogre zombies
  2 mummies (Ossuary)
  18 gnolls
  6 adders
  2 white imps (D:6)
  4 adder zombies (Ossuary)
  An iguana zombie (Crypt:1)
  4 worms (Spider:2)
  3 dart slugs (D:1)
  90 orcs
  5 ball pythons
  7 endoplasms
  3 giant cockroaches
  3 gnoll zombies (Ossuary)
  10 goblins
  7 hobgoblins
  5 quokkas
  7 bats
  A frilled lizard (D:1)
  2 goblin skeletons (D:10)
  2 goblin zombies (D:10)
  A hobgoblin skeleton (D:10)
  4 hobgoblin zombies
  29 kobolds
  9 kobold zombies (Ossuary)
  4 orc skeletons
  23 orc zombies
  2 quokka skeletons (Crypt:1)
  6 rats
  A lurking horror (D:7)
  A starspawn tentacle (Abyss:3)
  3 tentacles (Abyss:3)
2478 creatures vanquished.

Vanquished Creatures (collateral kills)
  Norris (Vaults:1)
  A draconian shifter (Zot:5)
  2 ghouls (Crypt:2)
  An ironbound preserver (Vaults:3)
  An ironbound thunderhulk (Vaults:1)
  A deep elf death mage (Crypt:2)
  2 dancing weapons (Elf:2)
  An orc knight (Vaults:4)
  An ironbound convoker (Vaults:5)
11 creatures vanquished.

Vanquished Creatures (others)
  An orc warlord (Vaults:4)
  A ghoul (Crypt:2)
  An orc high priest (Elf:1)
  2 skeletal warriors (D:15)
  A swamp dragon (Swamp:1)
  A wolf spider (Spider:3)
  A bloated husk (Swamp:2)
  A vampire mosquito (D:15)
  A warg (Elf:1)
  12 foxfires
  15 spectral weapons
  5 starspawn tentacles (Abyss:3)
  A tentacle (Abyss:3)
43 creatures vanquished.

Grand Total: 2532 creatures vanquished

Notes
Turn   | Place    | Note
-------+----------+-------------------------------------------
     0 | D:1      | Ge0ff the Barachi Brigand began the quest for the Orb.
     0 | D:1      | Reached XP level 1. HP: 17/17 MP: 1/1
   207 | D:1      | Reached XP level 2. HP: 24/24 MP: 2/2
   550 | D:1      | Reached XP level 3. HP: 29/29 MP: 3/3
   962 | D:2      | Reached XP level 4. HP: 29/35 MP: 4/4
  1528 | D:3      | Reached skill level 1 in Ranged Weapons
  2382 | D:3      | Reached skill level 1 in Evocations
  2382 | D:3      | Reached XP level 5. HP: 41/41 MP: 5/5
  2716 | D:4      | Noticed Duvessa
  2920 | D:4      | Reached XP level 6. HP: 31/47 MP: 6/6
  3010 | D:4      | Found a sand-covered staircase.
  3015 | D:4      | Reached skill level 5 in Ranged Weapons
  3023 | Ossuary  | Entered an ossuary
  3123 | Ossuary  | Reached XP level 7. HP: 52/52 MP: 7/7
  4007 | D:4      | Found Toash's Jewellery Emporium.
  4050 | D:4      | Found a shimmering altar of Xom.
  4356 | D:4      | Noticed Dowan
  4451 | D:5      | Entered Level 5 of the Dungeon
  4705 | D:5      | Found the +6 shillelagh "Devastator" {shatter}
  4764 | D:5      | Reached XP level 8. HP: 57/61 MP: 8/8
  4785 | D:5      | Reached skill level 5 in Fighting
  5422 | D:6      | Reached skill level 1 in Maces & Flails
  5508 | D:6      | Reached skill level 1 in Armour
  5695 | D:6      | Identified the ring of Vaqieth {Fly rElec rF+ SInv}
  5734 | D:6      | Found a staircase to the Ecumenical Temple.
  5754 | Temple   | Entered the Ecumenical Temple
  5759 | Temple   | Became a worshipper of Gozag Ym Sagoz the Greedy
  5946 | D:6      | Reached skill level 5 in Maces & Flails
  6434 | D:7      | Reached XP level 9. HP: 68/68 MP: 9/9
  6475 | D:7      | Found a flagged portal.
  6503 | Bailey   | Entered a bailey
  6574 | Bailey   | Noticed a two-headed ogre
  6591 | Bailey   | Killed a two-headed ogre
  6592 | Bailey   | Reached skill level 5 in Evocations
  7422 | D:7      | Found a corrupted altar of Lugonu.
  7423 | D:7      | Found a one-way gate to the infinite horrors of the Abyss.
  7628 | D:7      | Reached skill level 5 in Armour
  8427 | D:8      | Noticed Maurice
  8429 | D:8      | Reached skill level 5 in Short Blades
  8434 | D:8      | Reached XP level 10. HP: 74/79 MP: 10/10
  8444 | D:8      | Killed Maurice
  8548 | D:8      | Noticed Pikel
  8566 | D:8      | Killed Pikel
  8941 | D:8      | Found a staircase to the Lair.
  9175 | D:4      | Killed Dowan
  9179 | D:4      | Killed Duvessa
  9615 | D:4      | Bought a +4 ring of slaying for 858 gold pieces
  9724 | D:9      | Noticed a catoblepas
  9893 | D:9      | Killed a catoblepas
 10053 | D:9      | Reached XP level 11. HP: 80/86 MP: 11/11
 10053 | D:9      | Noticed a deep elf pyromancer
 10058 | D:9      | Killed a deep elf pyromancer
 10095 | D:9      | Identified the +10 scale mail of Chimes {Rampage +Inv rF+
                  | Str-5}
 10122 | D:9      | Found a white marble altar of Elyvilon.
 10383 | D:9      | Reached skill level 10 in Maces & Flails
 10478 | D:9      | Identified a scroll of acquirement
 10479 | D:9      | Acquired 1008 gold pieces
 10941 | D:10     | Entered Level 10 of the Dungeon
 11018 | D:10     | Found a staircase to the Orcish Mines.
 11201 | D:10     | Found Lixas's Weapon Shop.
 11210 | D:10     | Found Zaywk's Assorted Antiques.
 11222 | D:10     | Paralysed by a hornet for 2 turns
 11779 | D:10     | Found Gepy's General Store.
 11784 | D:10     | Bought a potion of heal wounds for 70 gold pieces
 11784 | D:10     | Bought a wand of iceblast (6) for 201 gold pieces
 11989 | D:10     | Bought a bubbling orange potion for 26 gold pieces
 11989 | D:10     | Bought a sharpened brass wand for 116 gold pieces
 12319 | D:11     | Noticed a two-headed ogre
 12332 | D:11     | Killed a two-headed ogre
 12333 | D:11     | Reached skill level 1 in Translocations
 12693 | D:11     | Noticed a two-headed ogre
 12702 | D:11     | Killed a two-headed ogre
 12703 | D:11     | Reached XP level 12. HP: 79/96 MP: 12/12
 12798 | D:11     | Noticed a two-headed ogre
 12806 | D:11     | Killed a two-headed ogre
 13246 | D:12     | Reached skill level 10 in Fighting
 13446 | D:12     | Noticed a two-headed ogre
 13456 | D:12     | Killed a two-headed ogre
 13787 | D:12     | Noticed a boulder beetle
 13804 | D:12     | Killed a boulder beetle
 14033 | Lair:1   | Entered Level 1 of the Lair of Beasts
 14073 | Lair:1   | Reached skill level 10 in Armour
 14156 | Lair:1   | Reached skill level 1 in Shields
 14788 | Lair:1   | Reached skill level 1 in Spellcasting
 14789 | Lair:1   | Gained mutation: You can hop long distances. [Barachi
                  | growth]
 14789 | Lair:1   | Reached XP level 13. HP: 103/103 MP: 12/14
 15291 | Lair:2   | Found a hole to the Spider Nest.
 15402 | Lair:2   | Reached skill level 5 in Shields
 15430 | Lair:2   | Noticed Harold
 15441 | Lair:2   | Killed Harold
 15506 | Lair:2   | Found a staircase to the Swamp.
 15512 | Lair:2   | Noticed an eleionoma
 15547 | Lair:2   | Killed an eleionoma
 16763 | Lair:3   | Noticed Gastronok
 16775 | Lair:3   | Killed Gastronok
 18615 | Lair:4   | Reached XP level 14. HP: 115/115 MP: 18/18
 18929 | Lair:5   | Entered Level 5 of the Lair of Beasts
 18929 | Lair:5   | Noticed Snorg
 18955 | Lair:5   | Reached skill level 5 in Throwing
 19131 | Lair:5   | Reached skill level 10 in Shields
 19477 | Lair:5   | Found a viscous altar of Jiyva.
 19479 | Lair:5   | Found a staircase to the Slime Pits.
 19495 | Lair:5   | Killed Snorg
 20716 | Lair:5   | Found a large runed translucent door.
 20717 | Lair:5   | Found a large runed translucent door.
 20752 | Lair:5   | Reached skill level 5 in Spellcasting
 21459 | Lair:5   | Reached XP level 15. HP: 97/120 MP: 16/22
 21753 | Orc:1    | Entered Level 1 of the Orcish Mines
 21755 | Orc:1    | Noticed Erolcha
 21764 | Orc:1    | Killed Erolcha
 21870 | Orc:1    | Found Nabbemam's Weapon Shoppe.
 21873 | Orc:1    | Found Vidom's Weapon Emporium.
 21878 | Orc:1    | Found Uceemib's Distillery.
 21895 | Orc:1    | Bought a potion of haste for 170 gold pieces
 21895 | Orc:1    | Bought a potion of might for 68 gold pieces
 21895 | Orc:1    | Bought a potion of invisibility for 136 gold pieces
 22015 | Orc:2    | Entered Level 2 of the Orcish Mines
 22184 | Orc:2    | Reached skill level 5 in Dodging
 22372 | Orc:2    | Found Heomes's Antique Armour Boutique.
 22385 | Orc:2    | Bought a fine scale mail for 288 gold pieces
 22385 | Orc:2    | Identified the +1 scale mail of the Lute {rPois} (You
                  | bought it in a shop on level 2 of the Orcish Mines)
 22385 | Orc:2    | Bought a pair of runed gloves for 240 gold pieces
 22684 | Orc:2    | Found Ecepua's Assorted Antiques.
 22933 | Orc:2    | Bought a ruby potion for 22 gold pieces
 22939 | Orc:2    | Found a staircase to the Elven Halls.
 23266 | Orc:1    | Noticed Jorgrun
 23279 | Orc:1    | Killed Jorgrun
 23431 | Orc:1    | Found Tacom's Book Boutique.
 23569 | Orc:1    | Found Jirezett's Antique Weapon Shoppe.
 23914 | Orc:2    | Found Moelirph's Antique Armour Shop.
 23914 | Orc:2    | Found Looguit's Weapon Emporium.
 23916 | Orc:2    | Found Tesoe's Antique Weapon Shop.
 23916 | Orc:2    | Found Zoagyism's Assorted Antiques.
 23934 | Orc:2    | Bought a pair of embroidered boots for 187 gold pieces
 23934 | Orc:2    | Bought a scroll of fog for 100 gold pieces
 23934 | Orc:2    | Bought a scroll of immolation for 100 gold pieces
 23953 | Orc:2    | Bought a bloodstained whip for 270 gold pieces
 23953 | Orc:2    | Identified the +8 whip of the Sea {spect, Dex+6} (You
                  | bought it in a shop on level 2 of the Orcish Mines)
 24052 | Orc:1    | Bought an Inescapable Atlas for 160 gold pieces
 24055 | Orc:1    | Learned a level 2 spell: Blink
 24060 | Orc:1    | Learned a level 4 spell: Manifold Assault
 24338 | D:13     | Noticed Kirke
 24348 | D:13     | Killed Kirke
 24916 | D:13     | Found a gate to the Vaults.
 25527 | D:14     | Found a shadowy altar of Dithmenos.
 25865 | D:14     | Noticed an orc warlord
 25890 | D:14     | Killed an orc warlord
 25893 | D:14     | Reached skill level 5 in Translocations
 26015 | D:14     | Reached XP level 16. HP: 133/133 MP: 23/23
 26895 | D:15     | Entered Level 15 of the Dungeon
 27654 | D:15     | Found a staircase to the Depths.
 27978 | Spider:1 | Entered Level 1 of the Spider Nest
 28035 | Spider:1 | Noticed Josephine
 28046 | Spider:1 | Killed Josephine
 28056 | Spider:1 | Reached skill level 10 in Translocations
 28709 | Spider:1 | Gained mutation: You occasionally lose the ability to read
                  | scrolls when taking damage. [mutagenic glow]
 30890 | Spider:2 | Reached XP level 17. HP: 139/139 MP: 24/24
 31052 | Spider:2 | Acquired a ring of willpower
 34554 | Spider:4 | Entered Level 4 of the Spider Nest
 34554 | Spider:4 | Noticed Louise
 34563 | Spider:4 | Noticed Arachne
 34574 | Spider:3 | Killed Arachne
 34627 | Spider:4 | Found a runed translucent door.
 34712 | Spider:4 | Noticed Lureetou's ghost (journeyman MiBe)
 34765 | Abyss:3  | Cast into level 3 of the Abyss (Louise)
 34791 | Abyss:3  | Noticed a tentacled starspawn
 34823 | Abyss:3  | Noticed an Executioner
 34827 | Abyss:3  | Found a corrupted altar of Lugonu.
 34828 | Abyss:3  | Lost mutation: You occasionally lose the ability to read
                  | scrolls when taking damage. [potion of mutation]
 34828 | Abyss:3  | Gained mutation: Potions are less effective at restoring
                  | your health. [potion of mutation]
 34828 | Abyss:3  | Gained mutation: Your magical capacity is low. (-10% MP)
                  | [potion of mutation]
 34828 | Abyss:3  | Gained mutation: Your muscles are strong. (Str +4, Int/Dex
                  | -1) [potion of mutation]
 34909 | Abyss:3  | Reached skill level 10 in Ranged Weapons
 34911 | Abyss:3  | Noticed a lich
 34923 | Abyss:3  | Noticed a tentacled starspawn
 35059 | Abyss:3  | Found a corrupted altar of Lugonu.
 35093 | Abyss:3  | Found a corrupted altar of Lugonu.
 35199 | Abyss:3  | Noticed a tentacled monstrosity
 35211 | Abyss:3  | Noticed a tentacled starspawn
 35269 | Abyss:3  | Noticed a tentacled starspawn
 35278 | Abyss:3  | Killed a tentacled starspawn
 35332 | Abyss:3  | Noticed a tentacled starspawn
 35337 | Abyss:3  | Killed a tentacled starspawn
 35343 | Spider:4 | Escaped the Abyss
 35355 | Spider:4 | Killed Louise
 35562 | Orc:1    | Bought a potion of mutation for 136 gold pieces
 35562 | Orc:1    | Bought a potion of lignification for 51 gold pieces
 35563 | Orc:1    | Lost mutation: Potions are less effective at restoring your
                  | health. [potion of mutation]
 35563 | Orc:1    | Lost mutation: Your muscles are strong. (Str +4, Int/Dex
                  | -1) [potion of mutation]
 35563 | Orc:1    | Gained mutation: Your mind is acute. (Int +4, Str/Dex -1)
                  | [potion of mutation]
 35563 | Orc:1    | Gained mutation: You are partially covered in iridescent
                  | scales. (AC +2) [potion of mutation]
 35563 | Orc:1    | Gained mutation: You are frail. (-10% HP) [potion of
                  | mutation]
 37112 | Spider:4 | Reached XP level 18. HP: 95/132 MP: 18/24
 38662 | Spider:4 | Lost mutation: You are frail. (-10% HP) [potion of
                  | mutation]
 38662 | Spider:4 | Lost mutation: You are partially covered in iridescent
                  | scales. (AC +2) [potion of mutation]
 38662 | Spider:4 | Gained mutation: You are clumsy. (Dex -2) [potion of
                  | mutation]
 38663 | Spider:4 | Lost mutation: You are clumsy. (Dex -2) [potion of
                  | mutation]
 38663 | Spider:4 | Lost mutation: Your magical capacity is low. (-10% MP)
                  | [potion of mutation]
 38663 | Spider:4 | Lost mutation: Your mind is acute. (Int +4, Str/Dex -1)
                  | [potion of mutation]
 38663 | Spider:4 | Gained mutation: You are frail. (-10% HP) [potion of
                  | mutation]
 38674 | Spider:4 | Got a gossamer rune of Zot
 39006 | Spider:4 | Killed Lureetou's ghost
 39615 | Swamp:1  | Entered Level 1 of the Swamp
 40623 | D:10     | Bought a sack of spiders for 1160 gold pieces
 40702 | Orc:2    | Bought a wand of paralysis (7) for 420 gold pieces
 41179 | Swamp:2  | You fall into a shaft and drop 1 floor!
 42771 | Swamp:4  | Entered Level 4 of the Swamp
 43539 | Swamp:4  | Paralysed by a vampire knight for 5 turns
 43765 | Swamp:4  | Reached XP level 19. HP: 127/138 MP: 28/31
 43817 | Swamp:4  | Reached skill level 10 in Dodging
 44083 | Swamp:4  | Noticed a tentacled monstrosity
 44099 | Swamp:4  | Killed a tentacled monstrosity
 45478 | Swamp:4  | Found a blossoming altar of Fedhas.
 45550 | Swamp:4  | Found a basalt altar of Yredelemnul.
 46194 | Swamp:4  | Got a decaying rune of Zot
 46517 | Swamp:4  | Found a basalt altar of Yredelemnul.
 46822 | Elf:1    | Entered Level 1 of the Elven Halls
 46944 | Elf:1    | Found Adybla's Armour Shop.
 46944 | Elf:1    | Found Fier's Antique Armour Boutique.
 47053 | Elf:1    | Found Soitheloug's Weapon Shop.
 47058 | Elf:1    | Bought the +8 autumn katana {manifold assault} for 808 gold
                  | pieces
 47058 | Elf:1    | Found the +8 autumn katana {manifold assault}
 47072 | Elf:1    | Reached skill level 1 in Long Blades
 47283 | Elf:1    | Lost mutation: You are frail. (-10% HP) [potion of
                  | mutation]
 47283 | Elf:1    | Gained mutation: You possess an exceptional clarity of
                  | mind. [potion of mutation]
 47283 | Elf:1    | Gained mutation: Your spells are a little easier to cast,
                  | but a little less powerful. [potion of mutation]
 47737 | Elf:1    | Paralysed by an air elemental for 1 turns
 47760 | Elf:1    | Reached skill level 5 in Long Blades
 47807 | Elf:1    | Paralysed by an air elemental for 1 turns
 48304 | Elf:2    | Found a portal to a secret trove of treasure.
 48452 | Elf:2    | Found a magical portal.
 48482 | WizLab   | Entered Zonguldrok's Shrine
 49421 | WizLab   | Noticed an antique lich
 49435 | WizLab   | Killed an antique lich
 49436 | WizLab   | Reached skill level 10 in Long Blades
 49449 | WizLab   | Found the +9 sword of Zonguldrok {reap}
 50012 | Elf:2    | Found a runed translucent gate.
 50012 | Elf:2    | Found a runed translucent gate.
 50012 | Elf:2    | Found a runed translucent gate.
 50255 | Elf:1    | Found a radiant altar of Vehumet.
 50476 | Elf:2    | Reached XP level 20. HP: 137/161 MP: 20/33
 50705 | Elf:2    | Reached skill level 10 in Evocations
 50949 | Elf:2    | Found a runed translucent gate.
 50949 | Elf:2    | Found a runed translucent gate.
 50949 | Elf:2    | Found a runed translucent gate.
 50949 | Elf:2    | Found a runed translucent gate.
 50949 | Elf:2    | Found a runed translucent gate.
 50951 | Elf:2    | Found a runed translucent gate.
 52073 | Elf:2    | Reached skill level 10 in Spellcasting
 52819 | Elf:3    | Entered Level 3 of the Elven Halls
 53051 | Abyss:3  | Found a corrupted altar of Lugonu.
 53051 | Abyss:3  | Cast into level 3 of the Abyss (a deep elf sorcerer)
 53070 | Elf:3    | Escaped the Abyss
 53928 | Elf:3    | Found Kyedam's One-of-a-Kind Books.
 54845 | Elf:3    | Got the Vademecum on the Barrage and the Wayfarer
 54846 | Elf:3    | Identified the +4 kite shield "Jorafeatt" {Str+2}
 55095 | Elf:3    | Identified the ring of the Messenger {rElec rN+ Will-
                  | Str+3}
 55101 | Elf:3    | Identified the ring "Ituxyusi" {MP+9 Int+6 SInv}
 55232 | Elf:3    | Identified the +9 shortbow "Punaune" {speed, rPois rF+
                  | Will+}
 55242 | Elf:3    | Identified the ring of Luntem {+Blink rPois rCorr Dex-3
                  | SInv}
 55289 | Elf:3    | Learned a level 4 spell: Iskenderun's Mystic Blast
 55631 | Vaults:1 | Entered Level 1 of the Vaults
 55691 | Vaults:1 | Reached XP level 21. HP: 163/167 MP: 33/35
 55803 | Vaults:1 | Paralysed by a formless jellyfish for 1 turns
 55869 | Vaults:1 | Noticed a golden dragon
 55878 | Vaults:1 | Reached skill level 1 in Conjurations
 55883 | Vaults:1 | Killed a golden dragon
 57371 | Vaults:1 | Identified the +0 robe of the Original Sin {rF+ Regen+}
 57550 | Vaults:1 | Noticed Norris
 57564 | Vaults:1 | Killed Norris
 57579 | Vaults:1 | Identified the +3 ring mail of Mutirgh {rF++ Str-3 Int+3}
 57917 | Vaults:1 | Paralysed by a formless jellyfish for 1 turns
 58093 | Vaults:1 | Noticed Zenata
 58109 | Vaults:1 | Killed Zenata
 58130 | Vaults:1 | Identified the +1 robe of a Labyrinth {Dex+2 Stlth+}
 58438 | Vaults:2 | Found a crumbling gateway.
 58533 | Desolati | Entered the Desolation of Salt
 58672 | Desolati | Learned a level 3 spell: Vhi's Electric Charge
 58693 | Desolati | Identified the ring "Zyulin" {rC+ rN+}
 58693 | Desolati | Identified the +3 ring mail "Xeigou" {rN++ Str-5}
 58713 | Desolati | Reached skill level 1 in Air Magic
 59908 | Desolati | Found the +2 pair of slick slippers {slick, slippery, EV+4}
 59916 | Desolati | Got Sif Muna's Catalogue of Ouranomancy and Firn
 59918 | Desolati | Got the Spellbook of Lightning
 59925 | Desolati | Identified the +4 barding of the Thirteen Hells {+Inv}
 59930 | Desolati | Identified the +4 shortbow of Ewebreom {drain, rElec rF++}
 60164 | Desolati | Identified the +12 halberd "Hydrabane" {freeze, Int+3}
 60185 | Desolati | Identified the ring "Basuit" {Fire Str+3}
 60475 | Vaults:2 | Found the +16 obsidian axe {drain, demonic, Mesm Drain Fly
                  | SInv}
 60664 | Vaults:2 | Noticed Nikola
 60691 | Vaults:2 | Killed Nikola
 61024 | Vaults:2 | Reached XP level 22. HP: 174/174 MP: 21/38
 62095 | Vaults:2 | Noticed Xtahua
 62107 | Vaults:2 | Killed Xtahua
 62497 | Elf:3    | Bought Hermetics, Part One for 132 gold pieces
 62499 | Elf:3    | Learned a level 1 spell: Apportation
 62887 | Vaults:2 | Found a staircase to the Crypt.
 63751 | Vaults:3 | Noticed Margery
 64656 | Orc:2    | Bought a scroll of teleportation for 75 gold pieces
 64656 | Orc:2    | Bought a brightly glowing trident for 212 gold pieces
 64656 | Orc:2    | Identified the +2 trident "Feosch Soic" {heavy, Will+ Int+3
                  | Dex+5 Stlth-} (You bought it in a shop on level 2 of the
                  | Orcish Mines)
 64990 | Vaults:3 | Found Qachaodu's Magic Scroll Shoppe.
 65146 | Vaults:3 | Bought a scroll of blinking for 127 gold pieces
 65146 | Vaults:3 | Bought a scroll of silence for 161 gold pieces
 65360 | Vaults:3 | Killed Margery
 66620 | Abyss:3  | Cast into level 3 of the Abyss (a wizard)
 66638 | Abyss:3  | Found a corrupted altar of Lugonu.
 66650 | Abyss:3  | Found a corrupted altar of Lugonu.
 66751 | Abyss:3  | Got an abyssal rune of Zot
 66782 | Abyss:3  | Reached skill level 5 in Conjurations
 66851 | Abyss:4  | Found a corrupted altar of Lugonu.
 66898 | Abyss:4  | Found a corrupted altar of Lugonu.
 66975 | Abyss:4  | Noticed a dread lich
 66989 | Abyss:4  | Killed a dread lich
 66996 | Vaults:3 | Escaped the Abyss
 68188 | Vaults:3 | Found Qachaodu's Magic Scroll Shoppe.
 68956 | Vaults:3 | Bought a scroll of enchant armour for 127 gold pieces
 68956 | Vaults:3 | Bought a scroll of enchant armour for 127 gold pieces
 69283 | Elf:2    | You paid a toll of +4 storm dragon scales to enter a
                  | treasure trove
 69284 | Trove    | Entered a treasure trove
 70568 | Vaults:4 | Reached XP level 23. HP: 155/180 MP: 11/41
 71787 | Vaults:4 | Paralysed by a formless jellyfish for 1 turns
 73510 | Vaults:2 | Learned a level 4 spell: Dispel Undead
 73636 | Depths:1 | Entered Level 1 of the Depths
 73648 | Depths:1 | Reached skill level 1 in Necromancy
 74347 | Depths:1 | Found Big Baal Hell's Store.
 74363 | Depths:1 | Found a gateway to Hell.
 74533 | Depths:1 | Identified the +1 leather armour "Wugexoor" {rF+}
 74702 | Depths:1 | Noticed Asterion
 74712 | Depths:1 | Killed Asterion
 75107 | Depths:1 | Found a one-way gateway to a ziggurat.
 76629 | Depths:2 | Found an ornate altar of the Wu Jian Council.
 76823 | Depths:2 | Reached skill level 5 in Necromancy
 76856 | Depths:2 | Reached skill level 5 in Air Magic
 77357 | Depths:2 | Noticed a dread lich
 77435 | Depths:2 | Killed a dread lich
 78066 | Depths:2 | Found a one-way gate leading to the halls of Pandemonium.
 78890 | Depths:3 | Reached XP level 24. HP: 187/187 MP: 25/41
 80677 | Depths:2 | Reached skill level 10 in Throwing
 80814 | Depths:3 | Noticed a caustic shrike
 80939 | Depths:3 | Killed a caustic shrike
 81721 | Depths:3 | Noticed a caustic shrike
 81728 | Depths:3 | Killed a caustic shrike
 81907 | Depths:3 | Noticed a caustic shrike
 81919 | Depths:3 | Killed a caustic shrike
 82331 | Depths:3 | Reached skill level 10 in Necromancy
 83262 | Depths:3 | Identified the +9 shortbow "Lerphoipt" {flame, rCorr Str+5
                  | Dex+3 SInv}
 83553 | Depths:3 | Found a hide-covered altar of Uskayaw.
 83930 | Depths:4 | Entered Level 4 of the Depths
 84382 | Depths:4 | Identified the +7 whip of Xydoge {venom, Dex+4}
 85345 | Depths:4 | Paralysed by a vampire knight for 2 turns
 85719 | Depths:4 | Found a gate to the Realm of Zot.
 86128 | Depths:4 | Reached XP level 25. HP: 187/193 MP: 24/41
 86852 | Crypt:1  | Entered Level 1 of the Crypt
 87841 | Crypt:1  | Paralysed by a vampire knight for 2 turns
 88982 | Crypt:2  | Reached skill level 10 in Short Blades
 89901 | Crypt:2  | Found an ancient bone altar of Kikubaaqudgha.
 90719 | Crypt:2  | Found an ancient bone altar of Kikubaaqudgha.
 90846 | Crypt:3  | Entered Level 3 of the Crypt
 91514 | Crypt:3  | Noticed Grunn
 92038 | Crypt:2  | Found an ancient bone altar of Kikubaaqudgha.
 92570 | Crypt:3  | Killed Grunn
 92954 | Crypt:3  | Found an ancient bone altar of Kikubaaqudgha.
 93291 | Crypt:3  | Got the Spellbook of Assembling and Spooky Acts
 94196 | Crypt:3  | Reached XP level 26. HP: 200/200 MP: 33/41
 94475 | Crypt:3  | Found a staircase to the Tomb.
 94703 | Crypt:3  | Got the Anthology of Gloom
 94749 | Crypt:3  | Identified the +8 short sword "Ysushuux" {venom, rElec
                  | Str-5 Int+3}
 95457 | Vaults:5 | Entered Level 5 of the Vaults
 95527 | Vaults:5 | Noticed an ancient lich
 95566 | Vaults:5 | Noticed Mara
 95849 | Vaults:5 | Killed an ancient lich
 95895 | Vaults:5 | Killed Mara
 95919 | Vaults:5 | Identified the ring of Xypsapeh {rC+ AC+4}
 96241 | Vaults:5 | Identified the +5 falchion "Cam Moi" {heavy, Dex+3}
 96241 | Vaults:5 | Identified the ring "Xaklisik" {Dex+6 Stlth+}
 96246 | Vaults:5 | Reached skill level 10 in Conjurations
 96573 | Vaults:5 | Identified the ring of the Doge {*Slow Fly rC+++ Str-3
                  | Slay+2}
 97271 | Vaults:5 | Identified the +5 flail "Fownikh" {heavy, rElec rF- Dex+4}
 97271 | Vaults:5 | Identified the amulet "Teloceos" {Faith rPois rN+ rCorr}
 97271 | Vaults:5 | Noticed Frederick
 97279 | Vaults:5 | Killed Frederick
 98118 | Vaults:5 | Noticed Boris
 98129 | Vaults:5 | Killed Boris
 98158 | Vaults:5 | Found Ezitur's Jewellery Emporium.
 98547 | Vaults:5 | Noticed Sojobo
 98565 | Vaults:5 | Killed Sojobo
 98873 | Vaults:5 | Got a silver rune of Zot
 99530 | Elf:1    | Bought a topaz-encrusted plate armour for 980 gold pieces
 99530 | Elf:1    | Identified the +0 plate armour "Qareisha" {rN+ Stlth+} (You
                  | bought it in a shop on level 1 of the Elven Halls)
 99599 | Orc:2    | Bought the +2 hood of the Assassin {Detect Stab+ Stlth++}
                  | for 1920 gold pieces
 99599 | Orc:2    | Found the +2 hood of the Assassin {Detect Stab+ Stlth++}
 99633 | Orc:1    | Bought a potion of heal wounds for 85 gold pieces
 99633 | Orc:1    | Bought a potion of brilliance for 68 gold pieces
 99832 | Vaults:3 | Bought a scroll of fog for 68 gold pieces
 99832 | Vaults:3 | Bought a scroll of fog for 68 gold pieces
100043 | Depths:1 | Bought 10 potions of might for 2640 gold pieces
100146 | Zot:1    | Entered Level 1 of the Realm of Zot
100175 | Zot:1    | Got the Precepts of the Beguiling Body
100181 | Zot:1    | Learned a level 2 spell: Passwall
100420 | Zot:1    | Reached skill level 1 in Transmutations
100424 | Zot:1    | Reached skill level 1 in Earth Magic
101898 | Zot:3    | Reached XP level 27. HP: 106/202 MP: 13/41
103358 | Zot:4    | Noticed a dread lich
103383 | Zot:4    | Noticed a dread lich
103447 | Zot:4    | Found a radiant altar of Vehumet.
103447 | Zot:4    | Noticed an orb of fire
103448 | Zot:4    | Noticed an orb of fire
103452 | Zot:4    | Found a transporter.
104216 | Zot:5    | Entered Level 5 of the Realm of Zot
104416 | Zot:5    | Found Oniug's CLEARANCE SALE!.
104453 | Zot:5    | Reached skill level 5 in Transmutations
104685 | Zot:5    | Bought a +1 cloak of willpower for 99 gold pieces
104685 | Zot:5    | Bought a potion of heal wounds for 30 gold pieces
104685 | Zot:5    | Bought a scroll of immolation for 24 gold pieces
105635 | Zot:5    | Reached skill level 5 in Earth Magic
105801 | Zot:5    | Noticed a dread lich
105880 | Zot:5    | Noticed an orb of fire
105887 | Zot:5    | Gained mutation: Your magical capacity is low. (-10% MP)
                  | [an orb of fire]
105898 | Zot:5    | Killed an orb of fire
106085 | Zot:5    | Killed a dread lich
106086 | Zot:5    | Reached skill level 5 in Stealth
106172 | Zot:5    | Noticed an orb of fire
106173 | Zot:5    | Noticed a dread lich
106189 | Zot:5    | Killed a dread lich
106192 | Zot:5    | Found the +4 dragonskin cloak
106192 | Zot:5    | Noticed Tiamat
106193 | Zot:5    | Gained mutation: Your muscles are strong. (Str +4, Int/Dex
                  | -1) [an orb of fire]
106196 | Zot:5    | Gained mutation: Your spells are easier to cast, but less
                  | powerful. [an orb of fire]
106197 | Zot:5    | Gained mutation: Armour fits poorly on your strangely
                  | shaped body. [an orb of fire]
106198 | Zot:5    | Killed an orb of fire
106224 | Zot:5    | Killed Tiamat
107040 | Zot:5    | Found Oniug's CLEARANCE SALE!.
109126 | Zot:5    | Got the Orb of Zot
109734 | D:$      | Escaped with the Orb!

Illustrated notes

Levels and vault maps discovered:
D:1:      ebering_hopf_link, layout_loops_ring
D:2:      layout_rooms
D:3:      layout_loops_corners
D:4:      layout_basic, tgw_xom, nicolae_ossuary_entry_catacombs, serial_shops,
          shop, uniq_duvessa
D:5:      layout_basic, dilly_guarded_unrand_devastator
D:6:      layout_loops_corners, minmay_temple_entry_grid
D:7:      layout_basic, enter_bailey_5, amcnicky_altar_lugonu_corruption
D:8:      layout_rooms, david_lair_shrubbed, uniq_maurice, uniq_pikel
D:9:      layout_loops_cross, minmay_ruined_shrine
D:10:     layout_long_grid, zombieorc1_lemuel, serial_shops,
          nicolae_shop_advertising_works [nicolae_subvault_shop_adworks], shop,
          shop
D:11:     layout_basic
D:12:     layout_small_grid
D:13:     layout_roguey, hangedman_vaults_entry_quadrant_bands,
          lightli_fourway_metalbox, uniq_kirke
D:14:     orc_temple, layout_cave_pools, grunt_dithmenos_smoke_and_mirrors
D:15:     grunt_enter_depths_magical_seal, layout_loops_ring,
          roderic_lattice_octagonal_star
Temple:   compressed_dpeg_triangle_lava_temple
Lair:1:   layout_chaotic_city
Lair:2:   layout_chaotic_city, alex1729_swamp_entry_worm_eleionoma,
          hellmonk_spider_entry_life_and_decay, uniq_harold
Lair:3:   layout_cave_pods, roderic_batcave, beast_lair_carwin_9,
          grunt_megastairs_3, serial_bayou_shore_b, uniq_gastronok
Lair:4:   layout_small_grid, serial_bayou_pond_d, cheibrodos_lair_lostbears,
          serial_bayou_shore_b
Lair:5:   cheibrodos_lair_end_hotspot, layout_regular_city,
          nicolae_slime_entry_slimehenge, uniq_snorg
Swamp:1:  layout_falls_marsh, nicolae_swamp_rocky_clearing,
          infiniplex_staircase_pool
Swamp:2:  layout_falls_marsh, nicolae_swamp_dense_foliage
Swamp:3:  layout_basic_swamp, nicolae_swamp_tree_designs,
          infiniplex_staircase_pool_2
Swamp:4:  byrel_swamp_growth_death_and_undeath, layout_basic_swamp
Spider:1: layout_chambers, uniq_josephine
Spider:2: layout_chambers, hive_lemuel
Spider:3: layout_spider_delve
Spider:4: grunt_spider_rune_circles, ebering_ghost_inner_flame, uniq_louise,
          uniq_arachne
Orc:1:    layout_caves, serial_shops, shop, shop, nicolae_shop_mannequins, shop,
          nicolae_shop_real_fake_doors, uniq_jorgrun, uniq_erolcha
Orc:2:    grunt_orc_tribal_feast, layout_diamond_mine, serial_shops, shop,
          guppyfry_orc_lava_fort
Elf:1:    eino_elf_arrival_sip, layout_geoelf_octagon, serial_shops,
          nicolae_shop_hallway_plus, hangedman_elf_represent,
          nicolae_elf_glass_and_crystal_pillar_1, minmay_shoptagon,
          lemuel_upstairs_altar
Elf:2:    nicolae_elf_blades_splatter_lattice [grunt_blade_entry_basic],
          layout_geoelf_octagon, nicolae_trove_entry_path_of_doom,
          mu_enter_wizlab_2, orc_legates
Elf:3:    minmay_elf_hall, layout_geoelf_grid, drop_trap, st_stairs_7,
          nicolae_rare_books
Vaults:1: nicolae_vaults_spaceships, nicolae_vaults_lopsided_apartments,
          vaults_dpeg_hooks, nicolae_vaults_double_plus_1, v_rooms_2,
          vaults_standard_mumra_x, ontoclasm_vaults_spin,
          vaults_room_stairs_pillars, ontoclasm_vaults_claustrophobia,
          grunt_vaults_funnel, layout_vaults_omnigrid, uniq_norris, uniq_zenata
Vaults:2: portal_desolation_entry_ruin, nicolae_vaults_hexular_roomagon,
          nicolae_vaults_antechamber_and_loot_room, hangedman_vaults_impose,
          nicolae_vaults_wine_cellar, v_misc_18, minmay_crypt_entry_simple_box,
          serial_ice_b, vaults_dpeg_doors, v_misc_14, nicolae_vaults_six-pack,
          nicolae_vaults_apartment_1, ontoclasm_vaults_shuriken,
          nicolae_vaults_three_branches, nicolae_vaults_little_squares_1,
          layout_vaults_maze_bifur, uniq_nikola, uniq_xtahua
Vaults:3: nicolae_vaults_asterisk, nicolae_vaults_oval_intersection,
          ontoclasm_vaults_ring_large, hangedman_vaults_slice,
          nicolae_vaults_closet_pinwheel_3, nicolae_vaults_mitosis, v_misc_17,
          nicolae_vaults_sightless_eye, grunt_vaults_diagonal, st_lines,
          vaults_room_ringed_pool, grunt_vaults_trifunnel,
          nicolae_vaults_two_Ls, v_misc_22, nicolae_vaults_circle_grid_b,
          nicolae_vaults_storage_room_water, nicolae_vaults_more_shelving_1,
          layout_vaults_omnibox, serial_shops, shop, uniq_margery
Vaults:4: v_pattern_4, nicolae_vaults_two_Ls, nicolae_vaults_off_center_swirl,
          vaults_room_boxed, nicolae_vaults_triangles, vaults_room_fours,
          vaults_room_fours, ontoclasm_vaults_decontamination,
          nicolae_vaults_little_squares_6, layout_vaults_big_cross
Vaults:5: uniq_boris, uniq_mara, uniq_frederick, uniq_sojobo
Crypt:1:  layout_chaotic_city
Crypt:2:  layout_misc_corridors, basic_altar, nicolae_fountain_basement
Crypt:3:  grunt_crypt_end_deaths_head, uniq_grunn
Depths:1: layout_roguey, enter_ziggurat_c, nicolae_hell_entry_big_baal_hell,
          chequers_serial_rivers_micro_e, kennysheep_potato, uniq_asterion
Depths:2: hellmonk_paralyzer, layout_basic, hangedman_coc_ice_floe,
          rand_demon_pan_entry_5, nicolae_wu_jian_wuxing_cycle, serial_bayou,
          serial_bayou_pond_e, serial_bayou_lake_a, serial_bayou_pond_d,
          serial_bayou_pond_c, serial_bayou_pond_c, serial_bayou_lagoon_a,
          roderic_malta_cross
Depths:3: lemuel_castle_with_subvaults [lemuel_castle_interior_original],
          layout_basic, hell_entry, marbit_kobold_abyss_entry,
          chequers_hall_statues_corner_a, nicolae_danse_macabre,
          nicolae_triple_integral
Depths:4: evilmike_zot_entry_round, layout_honeycomb, hell_entry,
          nicolae_kite_square_tiling_tiny
Zot:1:    layout_basic
Zot:2:    layout_cathedral_of_symmetry
Zot:3:    kennysheep_blocky_hall, layout_cathedral_of_symmetry
Zot:4:    gammafunk_sealed_library, layout_gridlike, grunt_ministairs_3,
          grunt_megastairs_5
Zot:5:    layout_basic, st_stairs_12, grunt_ministairs_7,
          nicolae_shop_clearance, uniq_tiamat

Skill      XL: |  1  2  3  4  5  6  7  8  9 10 11 12 13 14 15 16 17 18 19 20 21 22 23 24 25 26 27 |
---------------+----------------------------------------------------------------------------------+-----
Fighting       | 3 4 5 7 8 9 10 12 14 | 14.9
Short Blades   | 3 4 5 6 8 9 12 13 14 | 14.9
Stealth        | 4 7 |  7.9
Ranged Weapons | 2 4 5 6 8 9 10 | 10.0
Evocations     | 1 2 3 4 5 6 8 9 11 12 14 | 14.9
Maces & Flails | 5 7 9 11 13 14 | 14.9
Armour         | 2 5 6 8 10 11 12 14 | 14.9
Dodging        | 2 3 4 7 8 9 10 12 13 14 | 14.9
Translocations | 1 5 13 14 | 14.9
Shields        | 3 8 13 14 | 14.9
Spellcasting   | 1 3 5 6 8 9 10 12 14 | 14.9
Throwing       | 4 6 8 11 14 | 14.9
Long Blades    | 11 12 13 14 | 14.9
Conjurations   | 4 6 7 12 14 | 14.5
Air Magic      | 2 6 |  6.0
Necromancy     | 6 12 14 | 14.9
Transmutations | 2 8 |  8.7
Earth Magic    | 2 8 |  8.1

Action                     |  1- 3 |  4- 6 |  7- 9 | 10-12 | 13-15 | 16-18 | 19-21 | 22-24 | 25-27 || total
---------------------------+-------+-------+-------+-------+-------+-------+-------+-------+-------++-------
  Melee: Dagger            |    83 |   147 |    22 |     1 |     6 |    37 |     5 |       |     5 ||   306
         Punch             |     3 |     2 |     1 |     2 |       |       |       |       |       ||     8
         Shillelagh        |       |       |    93 |   379 |   834 |  1148 |    88 |       |       ||  2542
         Whip              |       |       |       |       |       |   258 |   386 |       |       ||   644
         Katana            |       |       |       |       |       |       |  1662 |  2857 |  2846 ||  7365
   Fire: Sling             |       |    32 |   196 |       |       |       |       |       |       ||   228
         Orcbow            |       |       |       |    20 |       |       |       |       |       ||    20
  Throw: Dart              |    12 |     5 |     4 |    12 |   115 |    10 |     3 |     6 |     1 ||   168
         Stone             |     9 |    16 |     8 |    66 |     9 |       |       |       |       ||   108
         Throwing net      |       |     2 |       |       |     4 |     3 |     7 |     1 |     4 ||    21
         Boomerang         |       |       |       |       |    14 |    59 |     5 |   324 |   138 ||   540
         Javelin           |       |       |       |       |       |    56 |    25 |       |    35 ||   116
   Cast: Manifold Assault  |       |       |       |       |       |       |   371 |   658 |   618 ||  1647
         Apportation       |       |       |       |       |       |       |       |    24 |    23 ||    47
         Vhi's Electric Ch |       |       |       |       |       |       |       |     8 |     1 ||     9
         Iskenderun's Myst |       |       |       |       |       |       |       |     8 |     9 ||    17
         Dispel Undead     |       |       |       |       |       |       |       |     8 |    60 ||    68
         Blink             |       |       |       |       |       |       |       |     3 |     3 ||     6
         Passwall          |       |       |       |       |       |       |       |       |     3 ||     3
 Invoke: Potion Petition   |       |       |       |       |     2 |    16 |     5 |     1 |     7 ||    31
Ability: Hop               |       |     1 |     7 |     2 |     2 |     3 |     5 |     5 |     5 ||    30
  Evoke: Wand              |       |    10 |     8 |    19 |    15 |   100 |    12 |     4 |    42 ||   210
         Lightning rod     |       |       |       |     4 |    19 |    15 |    18 |    26 |    21 ||   103
         Tin of tremorston |       |       |       |       |       |       |     2 |     7 |     7 ||    16
         Phial of floods   |       |       |       |       |       |       |     1 |     2 |     3 ||     6
         Phantom mirror    |       |       |       |       |       |       |       |       |     2 ||     2
    Use: Scroll            |       |     7 |     5 |     5 |    15 |    21 |    10 |    13 |    20 ||    96
         Potion            |       |       |     1 |       |     1 |    21 |    14 |     5 |    23 ||    65
   Stab: Sleeping          |     5 |     3 |     4 |     1 |       |     2 |     1 |     1 |     1 ||    18
         Held in net/web   |       |     1 |       |       |     2 |     4 |     4 |     3 |     3 ||    17
         Paralysed         |       |     6 |     4 |    19 |     6 |    20 |    13 |     4 |    15 ||    87
         Distracted        |       |       |       |     3 |     4 |    23 |    32 |     8 |    15 ||    85
         Invisible         |       |       |       |       |       |    11 |       |       |       ||    11
         Fleeing           |       |       |       |       |       |       |       |       |     1 ||     1
 Armour: Robe              |    19 |    27 |    35 |       |       |       |       |       |       ||    81
         Scale mail        |       |       |    34 |   118 |   157 |   448 |   286 |   251 |   291 ||  1585
  Dodge: Dodged            |    38 |    52 |   118 |   134 |   159 |   438 |   334 |   419 |   501 ||  2193
  Block: Kite shield       |       |       |       |       |   335 |   712 |   583 |   759 |   858 ||  3247

Table legend: (Time is in decaauts)
 A = Elapsed time spent in this place.
 B = Non-inter-level travel time spent in this place.
 C = Inter-level travel time spent in this place.
 D = Time resting spent in this place.
 E = Time spent auto-exploring this place.
 F = Levels seen in this place.
 G = Mean time per level.
                   A        B        C        D        E       F      G
               +--------+--------+--------+--------+--------+-----+--------+
         Total | 117463 | 103661 |  13802 |   7856 |  74851 |  60 | 1957.7 |
       Dungeon |  22243 |  17236 |   5007 |    472 |  12737 |  15 | 1482.9 |
        Temple |     12 |      7 |      5 |      0 |      0 |   1 |   12.0 |
          Lair |   8944 |   8053 |    891 |    157 |   6304 |   5 | 1788.8 |
         Swamp |   6491 |   6136 |    355 |    245 |   4544 |   4 | 1622.8 |
   Spider Nest |  11516 |  11063 |    453 |    633 |   8503 |   4 | 2879.0 |
  Orcish Mines |   3968 |   2363 |   1605 |     76 |   1759 |   2 | 1984.0 |
   Elven Halls |   8468 |   7471 |    997 |   1175 |   4706 |   3 | 2822.7 |
        Vaults |  20167 |  17921 |   2246 |   1361 |  14020 |   5 | 4033.4 |
         Crypt |   8275 |   7854 |    421 |    501 |   6041 |   3 | 2758.3 |
        Depths |  14243 |  13006 |   1237 |    108 |  10898 |   4 | 3560.8 |
           Zot |   7765 |   7186 |    579 |   1696 |   3801 |   5 | 1553.0 |
         Abyss |    936 |    936 |      0 |    141 |      0 |   4 |  234.0 |
         Trove |     66 |     66 |      0 |      0 |     27 |   1 |   66.0 |
       Ossuary |    684 |    684 |      0 |    149 |    283 |   1 |  684.0 |
        Bailey |    867 |    867 |      0 |    403 |    321 |   1 |  867.0 |
        Wizlab |   1045 |   1045 |      0 |    121 |    520 |   1 | 1045.0 |
    Desolation |   1766 |   1766 |      0 |    613 |    381 |   1 | 1766.0 |
               +--------+--------+--------+--------+--------+-----+--------+

Top non-repeatable levels by time:
Vaults:2: 4528 daAuts
   Zot:5: 4129 daAuts
Vaults:1: 4011 daAuts
Vaults:3: 3986 daAuts
Depths:3: 3954 daAuts
Vaults:5: 3911 daAuts
   Elf:2: 3814 daAuts
Depths:2: 3731 daAuts
Spider:4: 3731 daAuts
Vaults:4: 3729 daAuts
Spider:2: 3725 daAuts
 Crypt:3: 3589 daAuts
Depths:1: 3306 daAuts
 Swamp:4: 3302 daAuts
Depths:4: 3251 daAuts
